 Dungeon Crawl Stone Soup version 0.24-a0-170-gd8427f5 (console) character file.

Game seed: 8195323543967947925

6402 Voker57 the Carver (level 10, -1/120 HPs)
             Began as a Demonspawn Gladiator on Mar 11, 2019.
             Was a Believer of Makhleb.
             Slain by a crocodile (5 damage)
             ... on level 1 of the Lair of Beasts.
             The game lasted 00:31:26 (8108 turns).

Voker57 the Carver (Demonspawn Gladiator)           Turns: 8108, Time: 00:31:26

Health: -1/120     AC: 25    Str: 14    XL:     10   Next: 66%
Magic:  12/12      EV:  2    Int: 14    God:    Makhleb [**....]
Gold:   229        SH:  0    Dex: 19    Spells: 9/9 levels left

rFire    + + .     SeeInvis .   b - +0 flail
rCold    + . .     Gourm    .   (no shield)
rNeg     + + +     Faith    .   (armour currently unavailable)
rPois    +         Spirit   .   (helmet currently unavailable)
rElec    +         Reflect  .   (cloak currently unavailable)
rCorr    +         Harm     .   (gloves currently unavailable)
MR       .....     NoTele   +   (boots currently unavailable)
Stlth    ++........             (no amulet)
HPRegen  0.30/turn              k - ring of protection from fire
MPRegen  0.13/turn              (no ring)

@: brilliant, tree-form (expiring), resistant, very slightly contaminated,
invisible (expiring)
A: powered by death 1
a: Minor Destruction, Renounce Religion


You were on level 1 of the Lair of Beasts.
You worshipped Makhleb.
Makhleb was pleased with you.
You were not hungry.
You were a tree.
You visited 3 branches of the dungeon, and saw 12 of its levels.
You also visited: Sewer.

You collected 475 gold pieces.
You spent 246 gold pieces at shops.

Inventory:

Hand Weapons
 a - the +8 long sword of War {elec, Str+2}
   (You bought it in a shop on level 6 of the Dungeon)

   Occasionally, upon striking a foe, it will discharge some electrical energy
   and cause terrible harm.
   It affects your strength (+2).
 b - a +0 flail (weapon)
 I - a +0 long sword
 L - a +1 dagger of electrocution
Armour
 c - a +0 helmet
 d - a +0 troll leather armour {Purgy}
 e - a +0 cloak (melded)
 g - a +0 leather armour
 H - the +2 ring mail of the Foremost Deaths (melded) {rC++ Stlth+}
   (You found it on level 9 of the Dungeon)

   It greatly protects you from cold.
   It makes you more stealthy.
Jewellery
 k - a ring of protection from fire (left branch)
 m - an uncursed ring of protection from fire
 y - an uncursed ring of stealth
 D - an uncursed amulet of rage
Wands
 o - a wand of polymorph (7)
 v - a wand of flame (16)
 B - a wand of enslavement (14)
 E - a wand of disintegration (14)
Scrolls
 h - 5 scrolls of remove curse
 p - 2 scrolls of magic mapping {unknown}
 q - a scroll of blinking {unknown}
 s - 4 scrolls of fear {unknown}
 w - 2 scrolls of amnesia {unknown}
 z - 2 scrolls of enchant armour {unknown}
 A - 3 scrolls of teleportation
 C - a scroll of silence {unknown}
 F - a scroll of acquirement {unknown}
 G - a scroll of summoning {unknown}
 J - a scroll of identify
Potions
 i - 5 potions of curing
 j - a potion of heal wounds
 l - a potion of lignification
 n - 2 potions of flight
 r - 2 potions of resistance
 t - 2 potions of brilliance
 x - a potion of degeneration {unknown}
Comestibles
 f - 16 rations


   Skills:
 + Level 8.2 Fighting
 * Level 10.6 Long Blades
 - Level 1.7 Throwing
 + Level 1.8 Armour
 + Level 7.8 Dodging
 + Level 3.6 Invocations


You had 9 spell levels left.
You didn't know any spells.
Your spell library was empty.

Dungeon Overview and Level Annotations

Branches:
Dungeon (10/15)            Temple (1/1) D:5            Lair (1/6) D:8
    Orc: D:9-12

Altars:
Ashenzari
Cheibriados
Dithmenos
Elyvilon
Fedhas
Gozag
Hepliaklqana
Kikubaaqudgha
Makhleb
Nemelex Xobeh
Okawaru
Qazlal
Ru
Sif Muna
Trog
Uskayaw
Vehumet
Wu Jian
Xom
Yredelemnul
Zin
The Shining One

Shops:
D:4 :   D:6 (


Innate Abilities, Weirdness & Mutations

((You have a pair of horns on your head.))
((You are partially covered in icy blue scales. (AC +2)))
You regenerate a little health from kills.


Message History

* * * LOW HITPOINT WARNING * * *
The six-headed hydra bites you but does no damage.
You feel much better.
The spiny frog stings you but does no damage.
The six-headed hydra bites you but does no damage. x5
The six-headed hydra bites you.
* * * LOW HITPOINT WARNING * * *
The crocodile bites you but does no damage.
You strike the helpless six-headed hydra from behind!
You thump the six-headed hydra!
The six-headed hydra is heavily wounded.
You flicker for a moment.
The spiny frog stings you but does no damage.
The six-headed hydra bites you!
* * * LOW HITPOINT WARNING * * *
The six-headed hydra bites you.
* * * LOW HITPOINT WARNING * * *
The six-headed hydra bites you but does no damage. x4
The crocodile bites you.
You die...

.......#.P.#.#....P.P.#.#...#
t#.#.....#...##.#.|.#........
.?.....#.#......P...#...#...#
.......#.#.#.##...#.#.#...#..
.......#...#..#.#.#...P.#.#.#
...........#.##.#.P.....#.#..
...........#.##.....#.....#.#
.........#<#.#.)#.P.P.....#
........t.D#......#.......#.
.........#.#♣##...#.#.#.....
.#.....#.P.FDt#...#.........#
#...P.......##.....#.#...#..
.......#.....##...#.#...#.#
.#...P.......#......#.#.# #
#...#.#..............#.#
..#.......##...#...# .
#.#.....##...#...# .
#.#.#...##.........
#.#.#...#.#


You could see a six-headed hydra, a spiny frog and a crocodile.

Vanquished Creatures
  5 blink frogs (Lair:1)
  4 yaks (D:8)
  2 basilisks
  A hungry ghost (D:7)
  3 porcupines (D:8)
  2 orc warriors (D:6)
  Purgy (Sewer)
  2 black bears
  2 sky beasts
  2 ogres
  2 phantoms
  5 centaurs
  4 crocodiles
  Blork the orc (D:5)
  7 bullfrogs
  5 scorpions
  5 killer bees (D:9)
  4 howler monkeys
  2 centaur zombies
  3 crimson imps
  3 bullfrog zombies
  6 hounds
  2 jellies
  2 orc priests
  Crazy Yiuf (D:5)
  A bullfrog skeleton (D:6)
  7 orc wizards
  3 iguanas
  Ijyb (D:4)
  2 worker ants
  A hound zombie (D:5)
  3 hound skeletons
  A worker ant zombie (D:5)
  4 gnolls
  17 adders
  2 shadow imps
  2 oozes
  5 adder skeletons
  An adder zombie (D:5)
  A worm (D:5)
  A dart slug (D:1)
  7 leopard geckos
  16 orcs
  9 giant cockroaches
  7 goblins
  11 hobgoblins
  16 jackals
  14 kobolds
  2 quokkas (D:8)
  2 ball pythons
  7 bats
  6 frilled lizards
  A giant cockroach zombie (D:5)
  2 jackal skeletons (D:3)
  A leopard gecko skeleton (D:3)
  A quokka skeleton (D:4)
  6 rats
236 creatures vanquished.

Notes
Turn   | Place    | Note
-------+----------+-------------------------------------------
     0 | D:1      | Voker57 the Demonspawn Gladiator began the quest for the
                  | Orb.
     0 | D:1      | Reached XP level 1. HP: 16/16 MP: 1/1
    46 | D:1      | Reached skill level 3 in Long Blades
    46 | D:1      | Gained mutation: You have a pair of small horns on your
                  | head. [demonic ancestry]
    46 | D:1      | Reached XP level 2. HP: 18/22 MP: 2/2
   358 | D:1      | Gained mutation: You have a pair of horns on your head.
                  | [demonic ancestry]
   358 | D:1      | Reached XP level 3. HP: 12/28 MP: 3/3
   840 | D:2      | Found an ancient bone altar of Kikubaaqudgha.
   977 | D:2      | Reached XP level 4. HP: 29/34 MP: 4/4
   989 | D:2      | Found a shattered altar of Ashenzari.
  1366 | D:3      | Reached skill level 4 in Long Blades
  1465 | D:3      | Found a hide-covered altar of Uskayaw.
  1542 | D:3      | Reached XP level 5. HP: 41/41 MP: 5/5
  1547 | D:3      | Found a glowing drain.
  1565 | Sewer    | Entered a sewer
  1610 | Sewer    | Noticed Purgy
  1624 | Sewer    | Killed Purgy
  1884 | D:3      | Found a sparkling altar of Nemelex Xobeh.
  2038 | D:4      | Gained mutation: You regenerate a little health from kills.
                  | [demonic ancestry]
  2038 | D:4      | Reached XP level 6. HP: 47/47 MP: 6/6
  2061 | D:4      | Reached skill level 5 in Long Blades
  2208 | D:4      | Found a sacrificial altar of Ru.
  2228 | D:4      | Found a blossoming altar of Fedhas.
  2238 | D:4      | Noticed Ijyb
  2247 | D:4      | Killed Ijyb
  2315 | D:4      | Reached XP level 7. HP: 54/54 MP: 7/7
  2321 | D:4      | Found Aziukhopy's Book Emporium.
  2541 | D:5      | Entered Level 5 of the Dungeon
  2541 | D:5      | Noticed Blork the orc
  2551 | D:5      | Killed Blork the orc
  2695 | D:5      | Reached skill level 6 in Long Blades
  2846 | D:5      | Found a staircase to the Ecumenical Temple.
  3142 | D:5      | Found a runed translucent door.
  3143 | D:5      | Noticed Crazy Yiuf
  3154 | D:5      | Killed Crazy Yiuf
  3251 | D:6      | Reached skill level 5 in Dodging
  3272 | D:6      | Gained mutation: You are partially covered in icy blue
                  | scales. (AC +2) [demonic ancestry]
  3272 | D:6      | Reached XP level 8. HP: 41/61 MP: 8/8
  3332 | D:6      | Reached skill level 5 in Fighting
  3579 | D:6      | Reached skill level 7 in Long Blades
  3834 | D:6      | Found Desoaxzo's Antique Weapon Shop.
  4481 | D:6      | Reached skill level 8 in Long Blades
  4574 | D:7      | Reached XP level 9. HP: 69/69 MP: 9/9
  5194 | Temple   | Entered the Ecumenical Temple
  5297 | Temple   | Became a worshipper of Makhleb the Destroyer
  5518 | D:8      | Reached skill level 9 in Long Blades
  5834 | D:8      | Found a staircase to the Lair.
  5882 | D:8      | Reached XP level 10. HP: 25/79 MP: 10/10
  6042 | D:8      | Found a hazy altar of Hepliaklqana.
  6042 | D:8      | Found an iron altar of Okawaru.
  6062 | D:8      | Reached * piety under Makhleb
  6216 | D:8      | Reached skill level 10 in Long Blades
  6284 | D:8      | Reached skill level 1 in Invocations
  6661 | D:9      | You fall through a shaft!
  6661 | D:10     | Entered Level 10 of the Dungeon
  7010 | D:9      | Got a jewelled ring mail
  7017 | D:9      | Identified the +2 ring mail of the Foremost Deaths {rC++
                  | Stlth+} (You found it on level 9 of the Dungeon)
  7080 | D:9      | Found an opulent altar of Gozag.
  7091 | D:9      | Found a white marble altar of Elyvilon.
  7232 | Lair:1   | Entered Level 1 of the Lair of Beasts
  7314 | D:6      | Bought a twisted long sword for 246 gold pieces
  7314 | D:6      | Identified the +8 long sword of War {elec, Str+2} (You
                  | bought it in a shop on level 6 of the Dungeon)
  7392 | Lair:1   | Reached skill level 1 in Armour
  7402 | Lair:1   | Reached ** piety under Makhleb
  7880 | Lair:1   | Noticed a six-headed hydra
  7952 | Lair:1   | Noticed a spiny frog
  8106 | Lair:1   | HP: 2/120 [six-headed hydra (9)]
  8108 | Lair:1   | Slain by a crocodile

Levels and vault maps discovered:
D:1:      dpeg_arrival_chase, layout_rooms, serial_curves, eino_curves_01,
          eino_curves_02
D:2:      layout_rooms, kiku_gazebo_pond_becter, evilmike_ruin_ashenzari
D:3:      layout_rooms, eat_drink_and_be_merry_uskayaw, gup_sewer_entry_pipe,
          serial_undead, serial_undead_f, serial_undead_a, serial_undead_d,
          serial_undead_e, serial_undead_c, serial_undead_b, serial_undead_a,
          serial_undead_e, nemelex_xobeh_ov_fountains_minmay
D:4:      layout_basic, nicolae_ru_awakened_eye, lemuel_crystal_altar,
          serial_shops, shop, first_ration, uniq_ijyb
D:5:      layout_cave_pools, minmay_temple_entry_waves, minmay_misc_feat_plants,
          uniq_blork_the_orc, uniq_crazy_yiuf_cottage
D:6:      layout_basic, serial_shops, nicolae_shop_behind_doors
D:7:      layout_loops_ring
D:8:      layout_loops_ring, grunt_temple_overflow_open,
          minmay_lair_entry_grove, serial_glass, glass_columns_c,
          glass_columns_a, glass_columns_a, minmay_strange_pillars,
          due_unseen_surprise, feat_on_display
D:9:      minmay_gate_of_8, layout_stronghold, nicolae_overflow_hidden_temple,
          elyvilon_altar_5
D:10:     layout_gridville, hiddenorc1_lemuel
Temple:   zaba_magenta_temple
Lair:1:   layout_long_grid
Sewer:    kennysheep_door_sewer

Skill      XL: |  1  2  3  4  5  6  7  8  9 10 |
---------------+-------------------------------+-----
Long Blades    | 3 4 5 6 8 9 10 | 10.6
Dodging        | 3 4 5 6 7 |  7.8
Fighting       | 3 4 6 7 8 |  8.2
Invocations    | 3 |  3.6
Armour         | 1 |  1.8
Throwing       | |  1.7

Action                   |  1- 3 |  4- 6 |  7- 9 | 10-12 || total
-------------------------+-------+-------+-------+-------++-------
Melee: Long sword        |    88 |   136 |   364 |   171 ||   759
       Headbutt          |    17 |    27 |   107 |    48 ||   199
       Dagger            |       |     6 |    21 |       ||    27
       Unarmed           |       |       |    10 |       ||    10
       Flail             |       |       |       |    10 ||    10
Throw: Throwing net      |       |     3 |     2 |       ||     5
Evoke: Wand              |       |       |     6 |     2 ||     8
  Use: Scroll            |     2 |       |     3 |     1 ||     6
       Potion            |       |       |     2 |    10 ||    12
 Stab: Sleeping          |     2 |     2 |       |       ||     4
       Held in net/web   |       |     2 |     1 |       ||     3
       Paralysed         |       |       |     3 |       ||     3
       Invisible         |       |       |       |     3 ||     3
       Distracted        |       |       |       |     1 ||     1
  Eat: Chunk             |       |     5 |    11 |     7 ||    23
       Ration            |       |       |     1 |       ||     1
Armor: Leather armour    |    43 |    25 |       |       ||    68
       Troll leather arm |       |    10 |    60 |    26 ||    96
       Skin              |       |       |     2 |    83 ||    85
       Ring mail         |       |       |       |    14 ||    14
Dodge: Dodged            |    79 |   119 |   282 |   160 ||   640
       Rpst.: Long sword |    23 |    42 |    80 |    42 ||   187

Table legend:
 A = Non-vault XP
 B = Vault XP
 C = Vault XP percentage of total XP
 D = Non-vault monster count
 E = Vault monster count
 F = Vault count percentage of total count
                 A         B        C        D         E       F
            +---------+---------+-------+---------+---------+-------
      Total |    7055 |    2092 |  22.9 |     207 |      29 |  12.3
            +---------+---------+-------+---------+---------+-------
        D:1 |      58 |       0 |   0.0 |      34 |       0 |   0.0
        D:2 |      91 |       0 |   0.0 |      24 |       0 |   0.0
        D:3 |      64 |      35 |  35.4 |      15 |       9 |  37.5
        D:4 |     349 |      33 |   8.6 |      15 |       1 |   6.2
        D:5 |     458 |     134 |  22.6 |      14 |       2 |  12.5
        D:6 |    1045 |       0 |   0.0 |      26 |       0 |   0.0
        D:7 |    1107 |       0 |   0.0 |      23 |       0 |   0.0
        D:8 |    1255 |    1735 |  58.0 |      24 |      11 |  31.4
        D:9 |     821 |       0 |   0.0 |      19 |       0 |   0.0
       D:10 |      83 |       0 |   0.0 |       5 |       0 |   0.0
     Lair:1 |    1724 |       0 |   0.0 |       8 |       0 |   0.0
      Sewer |       0 |     155 | 100.0 |       0 |       6 | 100.0
            +---------+---------+-------+---------+---------+-------
